 Dungeon Crawl Stone Soup version 0.29.0-11-gd7f09526c8 (webtiles) character file.

Game seed: 84243814837228107

1115 unlimited1921 the Magician (level 8, -2/51 HPs)
             Began as a Djinni Fire Elementalist on Sept 6, 2022.
             Slain by apoch's ghost (6 damage)
             ... on level 5 of the Dungeon.
             The game lasted 00:24:50 (6387 turns).

unlimited1921 the Magician (DjFE)                   Turns: 6387, Time: 00:24:53

Health: -2/51      AC: 13    Str:  7    XL:     8   Next: 60%
Gold:   343        EV: 10    Int: 18    God:
                   SH:  5    Dex: 15

rFire   + + .      SeeInvis .   j - +0 short sword (venom)
rCold   x . .      Faith    .   (no shield)
rNeg    . . .      Spirit   .   r - +1 ring mail "Axkicsos" {Will- Regen+ Slay+3}
rPois   ∞          Reflect  +   (no helmet)
rElec   .          Harm     .   D - +2 cloak
rCorr   .          Rampage  .   (no gloves)
Will    .....                   (boots unavailable)
Stlth   ++........              G - amulet of reflection
HPRegen 0.97/turn               g - ring of wizardry
MPRegen 0.00/turn               B - +4 ring of protection

@: flying
A: sickness immunity, fire resistance 2, cold vulnerability 1, float, innate
caster, HP casting, extra vitality 1
a: no special abilities


You were on level 5 of the Dungeon.
You visited 1 branch of the dungeon, and saw 5 of its levels.
You also visited: Sewer.

You collected 343 gold pieces.

Inventory:

Hand Weapons
 d - a +3 short sword
 j - a +0 short sword of venom (weapon)
 C - a +0 rapier
 H - a +4 sling
Missiles
 a - 7 boomerangs
 c - 76 stones
 k - 2 poisoned darts (quivered)
Armour
 n - a +1 leather armour of willpower
 p - a +1 scale mail of willpower
 r - the +1 ring mail "Axkicsos" (worn) {Will- Regen+ Slay+3}
   (You found it on level 2 of the Dungeon)

   Slay:      It affects your accuracy & damage with ranged weapons and melee
   (+3).
   Regen:     It increases your rate of health regeneration.
   Will:      It decreases your willpower.
 v - the +1 robe "Osya" {Will- Dex+5 Archmagi}
   (You found it on level 3 of the Dungeon)

   Dex:       It affects your dexterity (+5).
   Archmagi:  It increases the power of your magical spells.
   Will:      It decreases your willpower.
 D - a +2 cloak (worn)
 E - a +3 leather armour
Jewellery
 g - a ring of wizardry (left hand)
 o - a ring of fire
 t - a ring of positive energy
 B - a +4 ring of protection (right hand)
 F - a ring of see invisible
 G - an amulet of reflection (around neck)
 K - a +4 ring of protection
Wands
 u - a wand of paralysis (10)
Scrolls
 b - a scroll of fog {unknown}
 e - 6 scrolls of identify {unknown}
 f - 4 scrolls of poison {unknown}
 h - 4 scrolls of amnesia {unknown}
 i - 3 scrolls of teleportation {unknown}
 w - a scroll of brand weapon {unknown}
 y - a scroll of fear {unknown}
 z - a scroll of blinking {unknown}
Potions
 l - 3 potions of heal wounds {unknown}
 m - a potion of brilliance {unknown}
 q - a potion of haste {unknown}
 s - 2 potions of resistance {unknown}
 x - 2 potions of cancellation {unknown}
 A - a potion of berserk rage
 I - 2 potions of curing {unknown}
 J - a potion of mutation {unknown}


   Skills:
 + Level 0.6 Fighting
 + Level 0.6 Short Blades
 + Level 2.2 Armour
 + Level 2.8 Dodging
 + Level 3.1 Stealth
 + Level 6.9 Spellcasting


You had 2 spell levels left.
You knew the following spells:

 Your Spells              Type           Power      Damage    Failure   Level
a - Foxfire               Conj/Fire      100%       2x1d9     1%          1
b - Scorch                Fire           62%        2d8       1%          2
c - Conjure Flame         Conj/Fire      31%        6-21      2%          3
d - Inner Flame           Hex/Fire       31%        N/A       2%          3
e - Flame Wave            Conj/Fire      31%        2d9       9%          4
f - Necrotise             Necr           100%       1d9       1%          1
g - Wereblood             Tmut           31%        N/A       1%          2
h - Poisonous Vapours     Pois/Air       62%        N/A       1%          2
Your spell library was empty.

Dungeon Overview and Level Annotations

Branches:
Dungeon (5/15)              Sewer (visited)
 Temple: D:4-7

Altars:
Nemelex Xobeh

Annotations:
D:5 1 transporter, apoch's ghost, novice FoFi


Innate Abilities, Weirdness & Mutations

You are immune to sickness and miasma.
You are immune to poison.
Your flesh is very heat resistant. (rF++)
You are vulnerable to cold. (rC-)
You float through the air rather than walking.
You learn spells naturally, not from books.
Your magical power is your life essence.
You have superior vitality. (+4 MHP)


Message History

Apoch's ghost attacks as you move away! Apoch's ghost closely misses you.
Apoch's ghost whispers, "There is no future for you."
Casting: Foxfire (safe; 1% risk of failure)
Confirm with . or Enter, or press ? or * to list all spells.
You conjure some foxfire!
* * * LOW HITPOINT WARNING * * *
Apoch's ghost hits you but does no damage.
Your foxfire dissipates!
Apoch's ghost's inner flame fades away.
The foxfire hits apoch's ghost but does no damage.
Apoch's ghost is heavily damaged.
Casting: Foxfire (safe; 1% risk of failure)
Confirm with . or Enter, or press ? or * to list all spells.
You conjure some foxfire!
* * * LOW HITPOINT WARNING * * *
Apoch's ghost hits you!
* * * LOW HITPOINT WARNING * * *
Your foxfire dissipates!
The foxfire hits apoch's ghost but does no damage.
Apoch's ghost is heavily damaged.
Casting: Foxfire (safe; 1% risk of failure)
Confirm with . or Enter, or press ? or * to list all spells.
Flames lash apoch's ghost.
Apoch's ghost resists.
Apoch's ghost is heavily damaged.
Apoch's ghost's fire resistance burns away.
* * * LOW HITPOINT WARNING * * *
Apoch's ghost hits you but does no damage.
Casting: Scorch (safe; 1% risk of failure)
Confirm with . or Enter, or press ? or * to list all spells.
Flames lash apoch's ghost.
Apoch's ghost is severely damaged.
* * * LOW HITPOINT WARNING * * *
Apoch's ghost hits you but does no damage.
Casting: Scorch (safe; 1% risk of failure)
Confirm with . or Enter, or press ? or * to list all spells.
Flames lash apoch's ghost.
Apoch's ghost is almost destroyed.
* * * LOW HITPOINT WARNING * * *
Apoch's ghost hits you.
You die...

.........<...#..###.###..#..# #.
.........#...#..#8#.#8#..#..# #.
.............#..........$#..# #.
######......©#.....©....$#©.# ##.
..# #.......#..........$#..###..
..# #####...#(.#8#.#8#..#..##...
..#########..#..###.###..#..#..).
........###..#...........#.......
........#....#..@W......©#..>.#).
.............#############...)...
.).......#.......................
........##.......................
........##...#####...............
........##......##...............
........#...##.....##......<...=.
....................#............
#####.##.###.....##.##..........#


You could see apoch's ghost (combustible).

Vanquished Creatures
  A water moccasin (Sewer)
  A black bear (D:5)
  A phantom (D:5)
  A bullfrog (D:5)
  A necrophage (D:4)
  A scorpion (D:5)
  2 water moccasin skeletons (D:5)
  A howler monkey (D:5)
  2 orc priests
  Terence (D:2)
  4 iguanas (D:5)
  5 orc wizards
  3 gnolls (D:4)
  A howler monkey skeleton (D:5)
  7 adders
  A white imp (D:5)
  2 worms (D:4)
  2 dart slugs (D:2)
  18 orcs
  9 bats
  6 endoplasms
  8 giant cockroaches
  9 goblins
  7 hobgoblins
  4 quokkas
  4 ball pythons
  2 frilled lizards (D:3)
  12 kobolds
  3 rats
119 creatures vanquished.

Vanquished Creatures (others)
  359 foxfires
359 creatures vanquished.

Grand Total: 478 creatures vanquished

Notes
Turn   | Place    | Note
-------+----------+-------------------------------------------
     0 | D:1      | unlimited1921 the Djinni Fire Elementalist began the quest
                  | for the Orb.
     0 | D:1      | unlimited1921 set off with the following spells memorised:
                  | Foxfire, Scorch, Conjure Flame, Inner Flame, Flame Wave.
     0 | D:1      | Reached XP level 1. HP: 15/15 MP: 0/0
   214 | D:1      | Reached XP level 2. HP: 6/21 MP: 0/0
   636 | D:1      | Found a faded altar of an unknown god.
  1829 | D:1      | Reached XP level 3. HP: 23/25 MP: 0/0
  1829 | D:1      | Learned a level 1 spell: Necrotise
  1959 | D:2      | Reached skill level 3 in Spellcasting
  2651 | D:2      | Reached XP level 4. HP: 26/31 MP: 0/0
  3175 | D:2      | Noticed Terence
  3185 | D:2      | Killed Terence
  3709 | D:2      | Identified the +1 ring mail "Axkicsos" {Will- Regen+
                  | Slay+3}
  3855 | D:3      | Reached XP level 5. HP: 34/35 MP: 0/0
  3855 | D:3      | Learned a level 2 spell: Wereblood
  4008 | D:3      | Reached skill level 4 in Spellcasting
  4055 | D:3      | Identified the +1 robe "Osya" {Will- Dex+5 Archmagi}
  4403 | D:3      | Found a sparkling altar of Nemelex Xobeh.
  4762 | D:3      | Reached XP level 6. HP: 40/40 MP: 0/0
  4968 | D:4      | Reached skill level 1 in Armour
  5024 | D:4      | Found a glowing drain.
  5048 | D:4      | Reached XP level 7. HP: 28/45 MP: 0/0
  5048 | D:4      | Learned a level 2 spell: Poisonous Vapours
  5133 | D:4      | Identified the +1 robe of Lasar {-Tele Will+ Dex+4}
  5281 | Sewer    | Entered a sewer
  5286 | Sewer    | Reached skill level 5 in Spellcasting
  5414 | Sewer    | Noticed a water moccasin
  5418 | Sewer    | Killed a water moccasin
  5761 | D:5      | Entered Level 5 of the Dungeon
  5812 | D:5      | Noticed apoch's ghost (novice FoFi)
  5813 | D:5      | Found a transporter.
  5834 | D:5      | Reached skill level 6 in Spellcasting
  5834 | D:5      | Reached XP level 8. HP: 28/51 MP: 0/0
  6044 | D:5      | Found a transporter.
  6387 | D:5      | Slain by apoch's ghost

Illustrated notes

Levels and vault maps discovered:
D:1:      dpeg_arrival_morbid_curiosity, layout_loops_ring,
          ebering_ecumenical_altar_abandoned, serial_aquarium,
          aquarium_bridge_straight [aquarium_subvault_bridge,
          aquarium_subvault_window, aquarium_subvault_bridge,
          aquarium_subvault_wall], aquarium_window_1, aquarium_window_fake,
          aquarium_window_corner, aquarium_window_2, aquarium_view_2b,
          aquarium_view_2d, aquarium_balcony_1b, aquarium_pool_2,
          minmay_misc_feat_roman
D:2:      layout_rooms, minmay_fractal_squares_5, uniq_terence
D:3:      layout_basic, amcnicky_altar_gilded, kennysheep_small_spiral,
          hex_medium
D:4:      layout_rooms, kennysheep_orc_sif_temple, gup_sewer_entry_glass
D:5:      layout_rooms, gammafunk_ghost_mausoleum

Skill      XL: |  1  2  3  4  5  6  7 |
---------------+----------------------+-----
Spellcasting   | 3 4 6 |  6.9
Stealth        | 2 3 |  3.1
Armour         | 1 2 |  2.2
Fighting       | |  0.6
Short Blades   | |  0.6
Dodging        | |  2.8

Action                   |  1- 3 |  4- 6 |  7- 9 || total
-------------------------+-------+-------+-------++-------
Melee: Short sword       |    13 |       |     2 ||    15
 Cast: Foxfire           |    65 |   113 |    53 ||   231
       Scorch            |       |    13 |    29 ||    42
       Inner Flame       |       |     8 |    14 ||    22
       Poisonous Vapours |       |       |    16 ||    16
       Flame Wave        |       |       |     1 ||     1
Armor: Robe              |     3 |     1 |       ||     4
       Ring mail         |       |     8 |    29 ||    37
       Leather armour    |       |     3 |       ||     3
Dodge: Dodged            |    17 |     7 |    22 ||    46
Block: Other             |       |       |     7 ||     7
